 Dungeon Crawl Stone Soup version 0.32-a0-685-g93135e86f0 (webtiles) character file.

Game seed: 12648740587578702994

6244 warriortoast the Fighter (level 10, -1/100 HPs)
             Began as a Minotaur Fighter on Mar 12, 2024.
             Slain by a slime creature (13 damage)
             ... on level 8 of the Dungeon.
             The game lasted 00:15:41 (9109 turns).

warriortoast the Fighter (Minotaur Fighter)         Turns: 9109, Time: 00:15:41

Health: -1/100     AC: 10    Str: 24    XL:     10   Next: 62%
Magic:  9/9        EV:  9    Int:  5    God:
Gold:   513        SH:  5    Dex: 11    Spells: 9/9 levels left

rFire   . . .        a - +0 war axe
rCold   + . .        c - +0 buckler
rNeg    + + .        b - +0 scale mail
rPois   +            E - +0 hat
rElec   .            w - +0 cloak
rCorr   .            (no gloves)
SInv    .            z - +0 pair of boots
Will    .....        x - amulet of Iggapah {+Inv rPois Regen+} Stlth
                     n - ring of positive energy
HPRegen 1.16/turn    M - ring of Niastrar {rC+ rN+}
MPRegen 0.11/turn

%: no passive effects
@: mighty
A: horns 2, retaliatory headbutt
a: Evoke Invisibility


You were on level 8 of the Dungeon.
You visited 2 branches of the dungeon, and saw 10 of its levels.

You collected 513 gold pieces.

Inventory:

Hand Weapons
 a - a +0 war axe (weapon)
Missiles
 F - 4 poisoned darts
 L - 4 boomerangs (quivered)
Armour
 b - a +0 scale mail (worn)
 c - a +0 buckler (worn)
 w - a +0 cloak (worn)
 z - a +0 pair of boots (worn)
 E - a +0 hat (worn)
Jewellery
 n - a ring of positive energy (left hand)
 x - the amulet of Iggapah (around neck) {+Inv rPois Regen+}
   (You found it on level 4 of the Dungeon)

   [amulet of regeneration]

   rPois:     It protects you from poison.
   +Inv:      It lets you turn invisible.
   Regen+:    It increases your rate of health regeneration.
 y - an amulet of the acrobat
 C - an amulet of faith
 J - a ring of flight
 M - the ring of Niastrar (right hand) {rC+ rN+}
   (You found it on level 7 of the Dungeon)

   [ring of protection from cold]

   rC+:       It protects you from cold.
   rN+:       It protects you from negative energy.
Wands
 A - a wand of digging (3)
 D - a wand of warping (5)
Scrolls
 e - 7 scrolls of identify
 f - 2 scrolls of poison {unknown}
 i - 5 scrolls of teleportation {unknown}
 j - 2 scrolls of enchant armour {unknown}
 m - 3 scrolls of amnesia {unknown}
 o - 4 scrolls of vulnerability {unknown}
 q - a scroll of acquirement {unknown}
 t - a scroll of blinking {unknown}
 u - a scroll of enchant weapon {unknown}
 G - a scroll of summoning {unknown}
 H - 2 scrolls of noise {unknown}
 I - a scroll of fog {unknown}
Potions
 g - a potion of cancellation {unknown}
 h - a potion of heal wounds
 k - a potion of invisibility {unknown}
 l - a potion of degeneration {unknown}
 p - a potion of enlightenment {unknown}
 r - 2 potions of curing {unknown}
 s - 2 potions of ambrosia {unknown}
 v - a potion of magic {unknown}
 B - a potion of haste {unknown}
 K - a potion of mutation {unknown}
 N - a potion of resistance {unknown}


   Skills:
 + Level 12.6 Fighting
 - Level 11.9 Axes
 - Level 5.0 Throwing
 + Level 6.1 Armour
 + Level 6.1 Shields


You had 9 spell levels left.
You didn't know any spells.
Your spell library contained the following spells:

 Spells                   Type           Power      Damage    Failure   Level
 Sandblast                Erth           0%         2d4       82%         1
 Dazzling Flash           Conj/Hex       0%         N/A       99%         3
 Mephitic Cloud           Conj/Alch/Air  0%         N/A       99%         3
 Stone Arrow              Conj/Erth      0%         3d7       99%         3
 Brom's Barrelling Bould  Conj/Erth      0%         2d3       100%        4
 Cause Fear               Hex            0%         N/A       100%        4
 Ignite Poison            Fire/Alch      0%         N/A       100%        4
 Sticky Flame             Fire/Alch      0%         2d4       100%        4
 Alistair's Intoxication  Alch           0%         N/A       100%        5
 Borgnjor's Vile Clutch   Necr/Erth      0%         N/A       100%        5
 Curse of Agony           Necr           0%         N/A       100%        5
 Fireball                 Conj/Fire      0%         3d3       100%        5
 Silence                  Hex/Air        0%         N/A       100%        5
 Eringya's Noxious Bog    Alch           0%         4d6       100%        6
 Ignition                 Fire           0%         3d3       100%        8
 Dragon's Call            Summ           0%         N/A       100%        9


Dungeon Overview and Level Annotations

Branches:
Dungeon (9/15)             Temple (1/1) D:5
   Lair: D:8-11         Orc: D:9-12

Altars:
Cheibriados
Dithmenos
Elyvilon
Fedhas
Gozag
Hepliaklqana
Kikubaaqudgha
Makhleb
Nemelex Xobeh
Qazlal
Ru
Sif Muna
Trog
Vehumet
Wu Jian
Xom
Yredelemnul
Zin
The Shining One

Shops:
D:7 [(

Annotations:
D:4 exclusion: door


Innate Abilities, Weirdness & Mutations

You have a pair of horns on your head.
You reflexively headbutt those who attack you in melee.


Message History

The slime creature is lightly wounded.
You hit the slime creature but do no damage.
The slime creature hits you!
You hit the slime creature.
The slime creature is lightly wounded.
You hit the slime creature. The slime creature barely misses you.
You furiously retaliate!
You headbutt the slime creature! The slime creature hits you!
* * * LOW HITPOINT WARNING * * *
You hit the slime creature but do no damage.
You headbutt the slime creature!
The slime creature is heavily wounded.
You slash the slime creature! The slime creature barely misses you.
You furiously retaliate!
You headbutt the slime creature. The slime creature hits you.
* * * LOW HITPOINT WARNING * * *
As you read the scroll labelled BINWOY HYDOEFU, it crumbles to dust.
It is a scroll of identify.
h - 2 potions of heal wounds The slime creature barely misses you.
The slime creature hits you!
* * * LOW HITPOINT WARNING * * *
You feel much better. You block the slime creature's attack.
The slime creature hits you but does no damage.
You feel very mighty all of a sudden.
The slime creature completely misses you.
You block the slime creature's attack.
You hit the slime creature.
The slime creature is heavily wounded.
You slash the slime creature! The slime creature hits you.
* * * LOW HITPOINT WARNING * * *
The slime creature hits you!
* * * LOW HITPOINT WARNING * * *
You barely miss the slime creature.
The slime creature is heavily wounded.
You slash the slime creature! The slime creature closely misses you.
The slime creature hits you but does no damage.
You slash the slime creature! You headbutt the slime creature!
The slime creature is almost dead.
You slash the slime creature! The slime creature hits you!
You die...

# ###.#
#@J.#
#.J...#
#.....#
#.....#
##..###
#...
##.# ..


You could see 2 slime creatures.

Vanquished Creatures
  A centaur warrior (D:8)
  2 two-headed ogres (D:7)
  An ugly thing (D:7)
  A cyclops (D:7)
  2 wraiths
  3 steam dragons
  2 water moccasins
  A black bear (D:6)
  An orc warrior (D:7)
  3 sky beasts
  4 ogres
  3 phantoms
  A kobold brigand (D:6)
  5 bullfrogs
  A scorpion (D:6)
  4 wights (D:7)
  4 orc priests
  3 hounds
  2 bombardier beetles
  3 iguanas
  A sleepcap (D:7)
  6 orc wizards
  6 adders
  12 gnolls
  4 shadow imps
  A white imp (D:6)
  2 ufetubi (D:7)
  A dart slug (D:1)
  2 ribbon worms
  17 orcs
  7 endoplasms
  4 giant cockroaches
  10 goblins
  11 hobgoblins
  12 jackals
  6 kobolds
  5 quokkas
  8 ball pythons
  9 bats
  5 frilled lizards
  5 rats
181 creatures vanquished.

Vanquished Creatures (others)
  A gargoyle (D:7)
1 creature vanquished.

Grand Total: 182 creatures vanquished

Notes
Turn   | Place    | Note
-------+----------+-------------------------------------------
     0 | D:1      | warriortoast the Minotaur Fighter began the quest for the
                  | Orb.
     0 | D:1      | Reached XP level 1. HP: 19/19 MP: 0/0
    66 | D:1      | Reached skill level 4 in Fighting
    66 | D:1      | Reached XP level 2. HP: 25/27 MP: 1/1
   300 | D:1      | Reached XP level 3. HP: 24/34 MP: 2/2
  1059 | D:2      | Found a faded altar of an unknown god.
  1094 | D:2      | Reached XP level 4. HP: 41/41 MP: 3/3
  1282 | D:2      | Reached skill level 5 in Fighting
  2129 | D:2      | Reached XP level 5. HP: 18/48 MP: 4/4
  2343 | D:3      | Reached skill level 5 in Axes
  2610 | D:3      | Found a snail-covered altar of Cheibriados.
  2651 | D:3      | Reached skill level 6 in Fighting
  2824 | D:3      | Found a white marble altar of Elyvilon.
  3074 | D:3      | Reached XP level 6. HP: 53/57 MP: 5/5
  3541 | D:4      | Found an opulent altar of Gozag.
  3602 | D:4      | Found a hazy altar of Hepliaklqana.
  3763 | D:4      | Reached skill level 7 in Fighting
  3766 | D:4      | Identified the amulet of Iggapah {+Inv rPois Regen+}
  3904 | D:4      | Reached XP level 7. HP: 66/66 MP: 6/6
  3923 | D:4      | Found a shimmering blue altar of Sif Muna.
  4036 | D:5      | Entered Level 5 of the Dungeon
  4036 | D:5      | Found a blossoming altar of Fedhas.
  4036 | D:5      | Found a stormy altar of Qazlal.
  4144 | D:5      | Found a bloodstained altar of Trog.
  4359 | D:5      | Found a sparkling altar of Nemelex Xobeh.
  4713 | D:5      | Reached skill level 8 in Fighting
  4916 | D:5      | Found a staircase to the Ecumenical Temple.
  5199 | Temple   | Entered the Ecumenical Temple
  5630 | D:6      | Noticed a steam dragon
  5857 | D:6      | Killed a steam dragon
  5858 | D:6      | Reached XP level 8. HP: 66/75 MP: 7/7
  5940 | D:6      | Reached skill level 9 in Fighting
  6445 | D:6      | Reached skill level 10 in Fighting
  7311 | D:7      | Found Ynoijoim's Antique Weapon Boutique.
  7376 | D:7      | Reached skill level 10 in Axes
  7413 | D:7      | Reached XP level 9. HP: 85/86 MP: 8/8
  7487 | D:7      | Noticed a green ugly thing
  7487 | D:7      | Noticed a two-headed ogre
  7487 | D:7      | Noticed a gargoyle
  7546 | D:7      | Killed a two-headed ogre
  7547 | D:7      | Reached skill level 11 in Fighting
  7553 | D:7      | Killed a green ugly thing
  7759 | D:7      | Reached skill level 12 in Fighting
  7949 | D:7      | Found Coimm's Antique Armour Boutique.
  8068 | D:7      | Reached skill level 1 in Throwing
  8469 | D:7      | Reached XP level 10. HP: 90/97 MP: 9/9
  8486 | D:7      | Identified the staff of Massacring {rCorr Str-5 Int-3 Dex+6
                  | Conj}
  8493 | D:7      | Identified the ring of Niastrar {rC+ rN+}
  8509 | D:7      | Noticed a cyclops
  8514 | D:7      | Killed a cyclops
  8616 | D:7      | Noticed a two-headed ogre
  8626 | D:7      | Killed a two-headed ogre
  8627 | D:7      | Reached skill level 5 in Armour
  8627 | D:7      | Reached skill level 5 in Shields
  8811 | D:7      | Killed a gargoyle
  8812 | D:7      | Reached skill level 5 in Throwing
  9058 | D:8      | Noticed a centaur warrior
  9079 | D:8      | Killed a centaur warrior
  9088 | D:8      | Noticed a meliai
  9104 | D:8      | HP: 1/100 [slime creature (14)]
  9109 | D:8      | Slain by a slime creature

Illustrated notes

Levels and vault maps discovered:
D:1:      dpeg_arrival_stonehenge_8_columns, layout_loops_corners,
          minmay_hexomino_r4
D:2:      layout_basic, hellmonk_ecumenical_altar_zigzags
D:3:      layout_loops_ring, nicolae_elyvilon_temple_path, slow_altar_1
D:4:      layout_cave_pools, worldfamousw_hep_ancestral_shrine, led_sif_book,
          mainiacjoe_overflow_alcove_1, minmay_misc_feat_diagonals
D:5:      layout_layer_cave, grunt_temple_overflow_forces_of_nature,
          mainiacjoe_overflow_catch_the_wave, minmay_temple_entry_poolview,
          serial_library_regret_index_headful
D:6:      layout_layer_cave, minmay_starry_boxes
D:7:      minmay_the_grid_octo_triangle [minmay_the_grid_octo_tetromino_candy,
          minmay_the_grid_octo_prize_big_c, minmay_the_grid_octo_checkered],
          layout_gridville, serial_shops,
          nicolae_shop_temple_entry_statues_fountains,
          nicolae_shop_overgrown_old_shop, minmay_crossroads
D:8:      minmay_cut_squares, layout_basic, serial_shops, kennysheep_mini_moat,
          minmay_shop_damaged, kennysheep_generic_room_6, uniq_jeremiah
D:9:      layout_rooms, old_standard_altar
Temple:   eino_wide_crystal_templ

Skill      XL: |  1  2  3  4  5  6  7  8  9 10 |
---------------+-------------------------------+-----
Fighting       | 4 5 6 7 8 10 12 | 12.6
Axes           | 3 4 5 6 8 10 11 | 11.9
Throwing       | 1 5 |  5.0
Shields        | 4 6 |  6.1
Armour         | 4 6 |  6.1

Action                     |  1- 3 |  4- 6 |  7- 9 | 10-12 || total
---------------------------+-------+-------+-------+-------++-------
  Melee: War axe           |    97 |   132 |   203 |    52 ||   484
         Headbutt          |     8 |    16 |    41 |    14 ||    79
  Throw: Throwing net      |       |       |     1 |       ||     1
         Boomerang         |       |       |     6 |     6 ||    12
  Evoke: Wand              |       |       |     4 |       ||     4
    Use: Potion            |       |       |       |     2 ||     2
         Scroll            |       |       |       |     1 ||     1
 Armour: Scale mail        |    79 |    84 |   171 |    79 ||   413
  Dodge: Dodged            |    33 |    53 |   103 |    24 ||   213
  Block: Buckler           |    30 |    31 |    39 |    15 ||   115

Table legend: (Time is in decaauts)
 A = Elapsed time spent in this place.
 B = Non-inter-level travel time spent in this place.
 C = Inter-level travel time spent in this place.
 D = Time resting spent in this place.
 E = Time spent auto-exploring this place.
 F = Levels seen in this place.
 G = Mean time per level.
                   A        B        C        D        E       F      G
               +--------+--------+--------+--------+--------+-----+--------+
         Total |   9213 |   8739 |    474 |   1664 |   5659 |  10 |  921.3 |
       Dungeon |   9154 |   8683 |    471 |   1664 |   5659 |   9 | 1017.1 |
        Temple |     59 |     56 |      3 |      0 |      0 |   1 |   59.0 |
               +--------+--------+--------+--------+--------+-----+--------+

Top non-repeatable levels by time:
     D:7: 1786 daAuts
     D:5: 1732 daAuts
     D:2: 1439 daAuts
     D:6: 1273 daAuts
     D:3: 1134 daAuts
     D:1: 1027 daAuts
     D:4: 696 daAuts
  Temple: 59 daAuts
     D:8: 57 daAuts
     D:9: 7 daAuts
